TOP OF THE 1ST |
---|
Jersey Shore D-Bags batting - Pitching for Philadelphia Athletics : RHP Ramón Estrada | Pitching: RHP Ramón Estrada | | Batting: LHB Ed Murray | 0-0: Called Strike 0-1: Fly out, F9 (Flyball, 9S) | Batting: RHB Ricardo González | 0-0: Ball 1-0: Swinging Strike 1-1: Ball 2-1: Foul Ball, location: 2F 2-2: Ball 3-2: Fly out, F6 (Line Drive, 6) | Batting: LHB Dave Dodd | 0-0: Ball 1-0: Foul Ball, location: 2F 1-1: Fly out, F7 (Flyball, 7LS) | Top of the 1st over - 0 runs, 0 hits, 0 errors, 0 left on base; Jersey Shore 0 - Philadelphia 0 | BOTTOM OF THE 1ST |
---|
Philadelphia Athletics batting - Pitching for Jersey Shore D-Bags : RHP José Ramos | Pitching: RHP José Ramos | | Batting: LHB Brian Boone | 0-0: Called Strike 0-1: Foul Ball, location: 2F 0-2: Strikes out swinging | Batting: LHB Robinson Fernández | 0-0: Called Strike 0-1: Foul Ball, location: 2F 0-2: Ground out 5-3 (Groundball, 56) | Batting: SHB Martín De Jesús | 0-0: Called Strike 0-1: Foul Ball, location: 2F 0-2: Ball 1-2: Strikes out swinging, 2-3 out at first. | Bottom of the 1st over - 0 runs, 0 hits, 0 errors, 0 left on base; Jersey Shore 0 - Philadelphia 0 | TOP OF THE 2ND |
---|
Jersey Shore D-Bags batting - Pitching for Philadelphia Athletics : RHP Ramón Estrada | Batting: RHB Miguel Serna | 0-0: Fly out, F8 (Flyball, 8RM) | Batting: LHB António Cedeño | 0-0: SINGLE (Groundball, 34D) | Batting: RHB Pat Fullerton | 0-0: Ball 1-0: Ball 2-0: SINGLE (Groundball, 56S) (infield hit) António Cedeño to second | Batting: LHB Albert Morgan | 0-0: Ball 1-0: Ball 2-0: Ball 3-0: Base on Balls António Cedeño to third Pat Fullerton to second | Batting: RHB Tetsunori Ito | 0-0: Called Strike 0-1: Ball 1-1: Foul Ball, location: 2F 1-2: Strikes out swinging | Batting: RHB Greg Lee | 0-0: Ball 1-0: Foul Ball, location: 2F 1-1: Ball 2-1: Swinging Strike 2-2: Strikes out swinging | Top of the 2nd over - 0 runs, 2 hits, 0 errors, 3 left on base; Jersey Shore 0 - Philadelphia 0 | BOTTOM OF THE 2ND |
---|
Philadelphia Athletics batting - Pitching for Jersey Shore D-Bags : RHP José Ramos | Batting: RHB Valentín Borges | 0-0: Ball 1-0: Ball 2-0: Foul Ball, location: 2F 2-1: Ball 3-1: Ground out 4-3 (Groundball, 4M) | Batting: SHB Héctor Padilla | 0-0: Called Strike 0-1: Swinging Strike 0-2: Ball 1-2: Foul Ball, location: 2F 1-2: Strikes out swinging | Batting: RHB Anastasio Villa | 0-0: Ball 1-0: Called Strike 1-1: Ground out 6-3 (Groundball, 6) | Bottom of the 2nd over - 0 runs, 0 hits, 0 errors, 0 left on base; Jersey Shore 0 - Philadelphia 0 | TOP OF THE 3RD |
---|
Jersey Shore D-Bags batting - Pitching for Philadelphia Athletics : RHP Ramón Estrada | Batting: LHB Ed Murray | 0-0: Ground out 4-3 (Groundball, 4) | Batting: RHB Ricardo González | 0-0: Ball 1-0: Ball 2-0: Ball 3-0: Base on Balls | Batting: LHB Dave Dodd | 0-0: Called Strike 0-1: Ball 1-1: Called Strike 1-2: DOUBLE (Flyball, 78D) Ricardo González to third Runner from 3rd tries for Home, SAFE, no throw | Batting: RHB Miguel Serna | 0-0: Ground out 6-3 (Groundball, 6) | Batting: LHB António Cedeño | 0-0: Fly out, F7 (Flyball, 78XD) | Top of the 3rd over - 1 run, 1 hit, 0 errors, 1 left on base; Jersey Shore 1 - Philadelphia 0 | BOTTOM OF THE 3RD |
---|
Philadelphia Athletics batting - Pitching for Jersey Shore D-Bags : RHP José Ramos | Batting: RHB Eric Neal | 0-0: Ball 1-0: Foul Ball, location: 2F 1-1: Ball 2-1: Foul Ball, location: 2F 2-2: Strikes out swinging | Batting: RHB Troy Lau | 0-0: Called Strike 0-1: Fly out, F3 (Popup, 34) | Batting: RHB Ramón Díaz | 0-0: Ball 1-0: Called Strike 1-1: Called Strike 1-2: Strikes out swinging | Bottom of the 3rd over - 0 runs, 0 hits, 0 errors, 0 left on base; Jersey Shore 1 - Philadelphia 0 | TOP OF THE 4TH |
---|
Jersey Shore D-Bags batting - Pitching for Philadelphia Athletics : RHP Ramón Estrada | Batting: RHB Pat Fullerton | 0-0: Called Strike 0-1: Foul Ball, location: 2F 0-2: Ball 1-2: Ball 2-2: SINGLE (Groundball, 6MD) | Batting: LHB Albert Morgan | 0-0: Ball 1-0: Ball 2-0: Ball 3-0: Base on Balls Pat Fullerton to second | Batting: RHB Tetsunori Ito | 0-0: Ball 1-0: Ball 2-0: Ball 3-0: Called Strike 3-1: Foul Ball, location: 2F 3-2: DOUBLE (Groundball, 3L) Pat Fullerton scores Albert Morgan to third | Batting: RHB Greg Lee | 0-0: Foul Ball, location: 2F 0-1: Ground out 6-3 (Groundball, 6) Albert Morgan scores | Batting: LHB Ed Murray | 0-0: SINGLE (Groundball, 4MD) Tetsunori Ito to third | Batting: RHB Ricardo González | 0-0: Ball 1-0: Called Strike 1-1: Ball 2-1: Reached on error, E6 (Groundball, 6) Tetsunori Ito scores Ed Murray to second | Batting: LHB Dave Dodd | 0-0: Fly out, F9 (Line Drive, 9D) Runner from 2nd tags up, SAFE at 3rd, no throw | Batting: RHB Miguel Serna | 0-0: Fly out, F8 (Flyball, 78D) | Top of the 4th over - 3 runs, 3 hits, 1 error, 2 left on base; Jersey Shore 4 - Philadelphia 0 | BOTTOM OF THE 4TH |
---|
Philadelphia Athletics batting - Pitching for Jersey Shore D-Bags : RHP José Ramos | Batting: LHB Brian Boone | 0-0: Ball 1-0: Swinging Strike 1-1: Foul Ball, location: 2F 1-2: Strikes out swinging | Batting: LHB Robinson Fernández | 0-0: Called Strike 0-1: Ball 1-1: Ball 2-1: Ground out 4-3 (Groundball, 34) | Batting: SHB Martín De Jesús | 0-0: Ball 1-0: Ball 2-0: Ball 3-0: Called Strike 3-1: Swinging Strike 3-2: Base on Balls | Batting: RHB Valentín Borges | 0-0: Foul Ball, location: 2F 0-1: Swinging Strike 0-2: Ball 1-2: Ground out U3 (Groundball, 3S) | Bottom of the 4th over - 0 runs, 0 hits, 0 errors, 1 left on base; Jersey Shore 4 - Philadelphia 0 | TOP OF THE 5TH |
---|
Jersey Shore D-Bags batting - Pitching for Philadelphia Athletics : RHP Ramón Estrada | Batting: LHB António Cedeño | 0-0: Ball 1-0: Called Strike 1-1: Foul Ball, location: 2F 1-2: Ball 2-2: Ground out 1-3 (Groundball, 15) | Batting: RHB Pat Fullerton | 0-0: Foul Ball, location: 2F 0-1: Ball 1-1: Foul Ball, location: 2F 1-2: DOUBLE (Line Drive, 7LS) | Batting: LHB Albert Morgan | 0-0: Ball 1-0: DOUBLE (Flyball, 89D) Pat Fullerton scores | Batting: RHB Tetsunori Ito | 0-0: Ball 1-0: SINGLE (Line Drive, 89S) Albert Morgan to third | Batting: RHB Greg Lee | 0-0: Grounds into double play, 5-4-3 (Groundball, 56) | Top of the 5th over - 1 run, 3 hits, 0 errors, 1 left on base; Jersey Shore 5 - Philadelphia 0 | BOTTOM OF THE 5TH |
---|
Philadelphia Athletics batting - Pitching for Jersey Shore D-Bags : RHP José Ramos | Batting: SHB Héctor Padilla | 0-0: Ball 1-0: Called Strike 1-1: Ground out U3 (Groundball, 3) | Batting: RHB Anastasio Villa | 0-0: Fly out, F6 (Line Drive, 6M) | Batting: RHB Eric Neal | 0-0: Ball 1-0: Ball 2-0: Called Strike 2-1: SINGLE (Line Drive, 6MD) | Batting: RHB Troy Lau | 0-0: Ball 1-0: Called Strike 1-1: Foul Ball, location: 2F 1-2: Ball 2-2: Strikes out swinging | Bottom of the 5th over - 0 runs, 1 hit, 0 errors, 1 left on base; Jersey Shore 5 - Philadelphia 0 | TOP OF THE 6TH |
---|
Jersey Shore D-Bags batting - Pitching for Philadelphia Athletics : RHP Ramón Estrada | Batting: LHB Ed Murray | 0-0: Ball 1-0: Ball 2-0: Ground out 4-3 (Groundball, 4) | Batting: RHB Ricardo González | 0-0: Ball 1-0: Ball 2-0: Ball 3-0: Called Strike 3-1: Foul Ball, location: 2F 3-2: SOLO HOME RUN (Flyball, 7D), Distance : 396 ft | Pitching: LHP Mario Tobías | | Batting: LHB Dave Dodd | 0-0: Called Strike 0-1: Ball 1-1: Ball 2-1: Foul Ball, location: 2F 2-2: Ball 3-2: Base on Balls | Batting: RHB Miguel Serna | 0-0: Called Strike 0-1: Fly out, F9 (Flyball, 9) | Batting: LHB António Cedeño | 0-0: Ball Pickoff Throw to First - Out! | Top of the 6th over - 1 run, 1 hit, 0 errors, 0 left on base; Jersey Shore 6 - Philadelphia 0 | BOTTOM OF THE 6TH |
---|
Philadelphia Athletics batting - Pitching for Jersey Shore D-Bags : RHP José Ramos | Batting: RHB Ramón Díaz | 0-0: Called Strike 0-1: Ball 1-1: Ball 2-1: Ball 3-1: Called Strike 3-2: Ground out 6-3 (Groundball, 6) | Batting: LHB Brian Boone | 0-0: Fly out, F9 (Flyball, 9D) | Batting: LHB Robinson Fernández | 0-0: Called Strike 0-1: Foul Ball, location: 2F 0-2: Fly out, F7 (Flyball, 7S) | Bottom of the 6th over - 0 runs, 0 hits, 0 errors, 0 left on base; Jersey Shore 6 - Philadelphia 0 | TOP OF THE 7TH |
---|
Jersey Shore D-Bags batting - Pitching for Philadelphia Athletics : LHP Mario Tobías | Batting: LHB António Cedeño | 0-0: Ball 1-0: Foul Ball, location: 2F 1-1: Foul Ball, location: 2F 1-2: SINGLE (Line Drive, 6D) | Batting: RHB Pat Fullerton | 0-0: Foul Ball, location: 2F 0-1: Ball 1-1: Foul Ball, location: 2F 1-2: Fly out, F3 (Popup, 3F) | Batting: LHB Albert Morgan | 0-0: Ball 1-0: Foul Ball, location: 2F 1-1: Foul Ball, location: 2F 1-2: Foul Ball, location: 2F 1-2: Ground out 3-1 (Groundball, 34S) António Cedeño to second | Batting: RHB Tetsunori Ito | 0-0: Ball 1-0: Called Strike 1-1: Foul Ball, location: 2F 1-2: Ball 2-2: Strikes out swinging | Top of the 7th over - 0 runs, 1 hit, 0 errors, 1 left on base; Jersey Shore 6 - Philadelphia 0 | BOTTOM OF THE 7TH |
---|
Philadelphia Athletics batting - Pitching for Jersey Shore D-Bags : RHP José Ramos | Batting: SHB Martín De Jesús | 0-0: Ball 1-0: Ball 2-0: Called Strike 2-1: Foul Ball, location: 2F 2-2: Ground out 4-3 (Groundball, 4) | Batting: RHB Valentín Borges | 0-0: Ball 1-0: Ground out 4-3 (Groundball, 4S) | Batting: SHB Héctor Padilla | 0-0: Ball 1-0: Ball 2-0: Ground out 6-3 (Groundball, 6M) | Bottom of the 7th over - 0 runs, 0 hits, 0 errors, 0 left on base; Jersey Shore 6 - Philadelphia 0 | TOP OF THE 8TH |
---|
Jersey Shore D-Bags batting - Pitching for Philadelphia Athletics : LHP Mario Tobías | Batting: RHB Greg Lee | 0-0: Fly out, F8 (Flyball, 8RM) | Batting: LHB Ed Murray | 0-0: Ball 1-0: Ball 2-0: Called Strike 2-1: Called Strike 2-2: Foul Ball, location: 2F 2-2: SINGLE (Line Drive, 89S) | Batting: RHB Ricardo González | 0-0: Ball 1-0: Called Strike 1-1: Fly out, F9 (Flyball, 9LM) | Batting: LHB Dave Dodd | 0-0: Ball 1-0: Fly out, F3 (Line Drive, 3) | Top of the 8th over - 0 runs, 1 hit, 0 errors, 1 left on base; Jersey Shore 6 - Philadelphia 0 | BOTTOM OF THE 8TH |
---|
Philadelphia Athletics batting - Pitching for Jersey Shore D-Bags : RHP José Ramos | Batting: RHB Anastasio Villa | 0-0: Fly out, F7 (Flyball, 7D) | Pitching: RHP Barry Garner | | Batting: RHB Eric Neal | 0-0: Called Strike 0-1: Swinging Strike 0-2: Strikes out swinging | Batting: RHB Troy Lau | 0-0: Swinging Strike 0-1: Ball 1-1: Ball 2-1: Foul Ball, location: 2F 2-2: Strikes out swinging | Bottom of the 8th over - 0 runs, 0 hits, 0 errors, 0 left on base; Jersey Shore 6 - Philadelphia 0 | TOP OF THE 9TH |
---|
Jersey Shore D-Bags batting - Pitching for Philadelphia Athletics : LHP Mario Tobías | Batting: RHB Miguel Serna | 0-0: Foul Ball, location: 2F 0-1: Foul Ball, location: 2F 0-2: SINGLE (Flyball, 89M) | Batting: LHB António Cedeño | 0-0: Foul Ball, location: 2F 0-1: Called Strike 0-2: SINGLE (Groundball, 34D) Miguel Serna to second Runner from 2nd tries for 3rd, SAFE, throw made to third | Batting: RHB Pat Fullerton | 0-0: Foul Ball, location: 2F 0-1: Swinging Strike 0-2: SINGLE (Flyball, 8LS) Miguel Serna scores António Cedeño to second | Batting: LHB Albert Morgan | 0-0: Ball 1-0: TRIPLE (Line Drive, 7LD) António Cedeño scores Pat Fullerton scores | Batting: RHB Tetsunori Ito | 0-0: Called Strike 0-1: Ball 1-1: Foul Ball, location: 2F 1-2: Foul Ball, location: 2F 1-2: SINGLE (Groundball, 56D) Albert Morgan scores | Batting: RHB Greg Lee | 0-0: Fly out, F8 (Flyball, 8RM) | Batting: LHB Ed Murray | 0-0: Ball 1-0: Called Strike 1-1: Called Strike 1-2: Ball 2-2: Fielders Choice at 2nd, 4-6 (Groundball, 34D) | Batting: RHB Ricardo González | 0-0: Called Strike 0-1: Ball 1-1: Ball 2-1: Foul Ball, location: 2F 2-2: Ball 3-2: Fly out, F8 (Flyball, 8LD) | Top of the 9th over - 4 runs, 5 hits, 0 errors, 1 left on base; Jersey Shore 10 - Philadelphia 0 | BOTTOM OF THE 9TH |
---|
Philadelphia Athletics batting - Pitching for Jersey Shore D-Bags : RHP Barry Garner | Batting: RHB Ramón Díaz | 0-0: Called Strike 0-1: Foul Ball, location: 2F 0-2: SOLO HOME RUN (Flyball, 7LD), Distance : 384 ft | Batting: LHB Brian Boone | 0-0: Ball 1-0: Ball 2-0: Foul Ball, location: 2F 2-1: Foul Ball, location: 2F 2-2: Ground out 4-3 (Groundball, 4M) | Batting: LHB Robinson Fernández | 0-0: Called Strike 0-1: Ball 1-1: Swinging Strike 1-2: Ball 2-2: Strikes out swinging | Batting: SHB Martín De Jesús | 0-0: Called Strike 0-1: Swinging Strike 0-2: Ball 1-2: Foul Ball, location: 2F 1-2: Ball 2-2: Ball 3-2: Base on Balls | Batting: RHB Valentín Borges | 0-0: Fielders Choice at 2nd, 6-4 (Groundball, 6) | Bottom of the 9th over - 1 run, 1 hit, 0 errors, 1 left on base; Jersey Shore 10 - Philadelphia 1 | |